 Dungeon Sprint DCSS version 0.21-a0-201-g8501b10 (webtiles) character file.

100766087 Kidiri the Minotaur Barricade (level 24, 273/273 HPs)
             Began as a Minotaur Fighter on Aug 18, 2017.
             Was the Champion of the Shining One.
             Escaped with the Orb
             ... and 17 runes!
             The game lasted 01:13:20 (18151 turns).

Kidiri the Minotaur Barricade (Minotaur Fighter)   Turns: 18151, Time: 01:13:21

Health: 273/273    AC: 37    Str: 42    XL:     24   Next: 17%
Magic:  53/53      EV: 32    Int:  9    God:    the Shining One [******]
Gold:   1641       SH: 37    Dex: 25    Spells: 77/77 levels left

rFire    + + .     SeeInvis +   X - +5 double sword of a volcano {freeze, +Rage Str+4 Int+2}
rCold    + + .     Gourm    .   z - +2 large shield {AC+3}
rNeg     + + +     Faith    .   H - +0 gold dragon scales of the Cuttlefish {rPois rF+ rC+ rN+ Str+4}
rPois    +         Spirit   .   r - +1 hat {MR+}
rElec    .         Reflect  .   G - scarf {cloud immunity}
rCorr    .         Harm     .   Z - +0 pair of gloves {Dex+3}
MR       ++...     Clarity  +   a - +2 pair of boots Stlth +.........NoTele +
                                D - amulet "Moloah" {RegenMP rF- Dex+3 Slay+2 SInv}
HPRegen  0.95/turn              N - +6 ring of strength
MPRegen  0.58/turn              S - ring of Ojutieps {rF+ Dex+4 SInv}

@: glowing
A: retaliatory headbutt, horns 2, large bone plates 1, clarity, clever 1, cold
resistance 1, deterioration 1, fire resistance 1, poison resistance,
regeneration 1, robust 1, MP-powered wands
0: Orb of Zot
}: 17/15 runes: decaying, serpentine, barnacled, slimy, elven, silver, golden,
iron, obsidian, icy, bone, abyssal, glowing, magical, fiery, dark, gossamer
a: Divine Shield, Cleansing Flame, Summon Divine Warrior, Brand Weapon With Holy
Wrath, Renounce Religion, Evoke Berserk Rage


You escaped.
You worshipped the Shining One.
The Shining One was exalted by your worship.
You were completely stuffed.

You visited 1 branch You collected 1961 gold pieces.
You spent 320 gold pieces at shops.

Inventory:

Hand Weapons
 X - the +5 double sword of a volcano (weapon) {freeze, +Rage Str+4 Int+2}
   (You found it in the Dungeon)

   It has been specially enchanted to freeze those struck by it, causing extra
   injury to most foes and up to half again as much damage against particularly
   susceptible opponents.
   It can also slow down cold-blooded creatures.
   It affects your strength (+4).
   It affects your intelligence (+2).
   It lets you go berserk.
Missiles
 b - 5 tomahawks of returning
 c - 93 javelins
 q - 24 poisoned javelins
 s - 8 silver javelins
 u - 7 tomahawks
 w - 10 javelins of returning
 B - 3 steel tomahawks
 C - a tomahawk of dispersal (quivered)
 M - 4 poisoned tomahawks
 P - 8 javelins of penetration
 T - a throwing net
Armour
 a - a +2 pair of boots (worn)
 r - a +1 hat of magic resistance (worn)
 z - a +2 large shield of protection (worn)
 G - a scarf of cloud immunity (worn)
 H - the +0 gold dragon scales of the Cuttlefish (worn) {rPois rF+ rC+ rN+ Str+4}
   (You found it in the Dungeon)

   It affects your strength (+4).
   It protects you from fire.
   It protects you from cold.
   It protects you from poison.
   It protects you from negative energy.
 I - a +5 large shield
 Z - a +0 pair of gloves of dexterity (worn)
Jewellery
 D - the amulet "Moloah" (around neck) {RegenMP rF- Dex+3 Slay+2 SInv}
   (You bought it in a shop in the Dungeon)

   [amulet of magic regeneration]

   It increases your magic regeneration.
   It affects your dexterity (+3).
   It affects your accuracy and damage with ranged weapons and melee attacks
   (+2).
   It makes you vulnerable to fire.
   It lets you see invisible.
 N - a +6 ring of strength (left hand)
 S - the ring of Ojutieps (right hand) {rF+ Dex+4 SInv}
   (You found it in the Dungeon)

   [ring of see invisible]

   It affects your dexterity (+4).
   It protects you from fire.
   It lets you see invisible.
 U - the ring "Plog" {Fire rPois rN+++ Str-5 Int+4}
   (You found it in the Dungeon)

   [ring of fire]

   It enhances your fire magic.
   It affects your strength (-5).
   It affects your intelligence (+4).
   It protects you from fire.
   It makes you vulnerable to cold.
   It protects you from poison.
   It renders you almost immune to negative energy.
 W - the ring of Hoomeff {+Fly rElec Int+3 Dex-5 Slay+5}
   (You found it in the Dungeon)

   [ring of intelligence]

   It affects your intelligence (+3).
   It affects your dexterity (-5).
   It affects your accuracy and damage with ranged weapons and melee attacks
   (+5).
   It insulates you from electricity.
   It lets you fly.
Wands
 o - a wand of lightning (4/15)
 t - a wand of paralysis (23/24)
Scrolls
 k - 4 scrolls of blinking
 m - 6 scrolls of remove curse
 n - 3 scrolls of amnesia
 v - 2 scrolls of fog
 y - 2 scrolls of recharging
 F - 4 scrolls of fear
 L - 3 scrolls of enchant weapon
 V - a scroll of identify
Potions
 d - 2 potions of might
 e - 11 potions of curing
 g - 7 potions of heal wounds
 h - 8 potions of haste
 i - 4 potions of magic
 j - 3 potions of agility
 l - a potion of flight
 p - a potion of resistance
 x - 2 potions of berserk rage
 E - 3 potions of brilliance
 O - 2 potions of lignification
Comestibles
 f - 14 bread rations
 A - 7 meat rations


   Skills:
 O Level 27 Fighting
 O Level 27 Long Blades
 O Level 27 Throwing
 O Level 27 Armour
 O Level 27 Dodging
 O Level 27 Stealth
 O Level 27 Shields
 O Level 27 Unarmed Combat
 O Level 27 Spellcasting
 O Level 27 Invocations
 O Level 27 Evocations


You had 77 spell levels left.
You didn't know any spells.

Dungeon Overview and Level Annotations

Branches:
Dungeon (1/1)

Altars:
Cheibriados
Dithmenos
Elyvilon
Fedhas
Gozag
Hepliaklqana
Kikubaaqudgha
Makhleb
Nemelex Xobeh
Okawaru
Qazlal
Ru
Sif Muna
Trog
Uskayaw
Vehumet
Wu Jian
Xom
Yredelemnul
Zin
The Shining One
Beogh
Jiyva
Lugonu

Shops:
D [%%*


Innate Abilities, Weirdness & Mutations

You reflexively headbutt those who attack you in melee.
You have a pair of horns on your head.
You are partially covered in large bone plates. (SH +4)
You possess an exceptional clarity of mind.
Your mind is acute. (Int +2)
Your flesh is cold resistant. (rC+)
Your body sometimes deteriorates upon taking damage.
Your flesh is heat resistant. (rF+)
Your system is resistant to poisons. (rPois)
Your natural rate of healing is unusually fast.
You are robust. (+10% HP)
You expend magic power (3 MP) to strengthen your wands.


Message History

You freeze the Orb Guardian!! You headbutt the Orb Guardian.
The Orb Guardian is almost dead.
You block the Orb Guardian's attack.
You open the Orb Guardian like a pillowcase!!!
You freeze the Orb Guardian!
You kill the Orb Guardian!
Things that are here:
a giant spiked club; a leather armour
There is an open door here.
Things that are here:
a club; a dagger
There is an open door to the Dungeon here.
There is a staircase leading out of the dungeon here.
You start waiting.
Unknown command.
You eat one of the 9 meat rations.
That meat ration really hit the spot!
You eat one of the 8 meat rations.
That meat ration really hit the spot!
You're too full to eat anything.
Unknown command.
You have escaped!

▓.▓.▓.▓.▓.▓.▓.▓.▓.
▓.▓.▓'▓.▓.▓.▓.▓.▓.
▓.▓.▓.▓.▓.▓.▓.▓.▓.
▓)▓.▓.▓.▓.▓.▓.▓.▓.
▓'▓.▓.▓.▓.▓.▓.▓.▓.
▓.▓.▓.▓.▓.▓.▓.▓.▓.
▓.▓.▓.▓.▓.▓.▓.▓.▓.
▓.▓.▓.▓.▓.▓.▓.▓.▓.
▓@▓...▓...▓...▓...
▓▓▓▓▓▓▓▓▓▓▓▓▓▓▓▓▓▓


There were no monsters in sight!

Vanquished Creatures
  Cerebov (D)
  Asmodeus (D)
  the Royal Jelly (D)
  Antaeus (D)
  Gloorx Vloq (D)
  Ereshkigal (D)
  A seraph (D)
  Lom Lobon (D)
  Mnoleg (D)
  Dispater (D)
  7 ancient liches (D)
  4 orbs of fire (D)
  Mennas (D)
  Mara (D)
  A greater mummy (D)
  Sojobo (D)
  Saint Roka (D)
  10 pandemonium lords (D)
  Xtahua (D)
  Margery (D)
  Geryon (D)
  2 curse toes (D)
  2 golden dragons (D)
  Jory (D)
  Nikola (D)
  A profane servitor (D)
  A bone dragon (D)
  2 electric golems (D)
  A Tzitzimitl (D)
  2 tentacled monstrosities (D)
  An Ice Fiend (D)
  45 Orb Guardians (D)
  4 liches (D)
  2 quicksilver dragons (D)
  3 deep elf master archers (D)
  4 deep elf blademasters (D)
  6 titans (D)
  13 sphinxes (D)
  4 Executioners (D)
  10 acid blobs (D)
  2 death cobs (D)
  Agnes (D)
  Gastronok (D)
  4 storm dragons (D)
  A warmonger (D)
  7 azure jellies (D)
  3 tengu reavers (D)
  4 nagarajas (D)
  11 shadow dragons (D)
  Ilsuiw (D)
  3 vault wardens (D)
  A draconian knight (D)
  7 frost giants (D)
  3 ghost moths (D)
  A deep elf sorcerer (D)
  A draconian scorcher (D)
  A cacodemon (D)
  8 emperor scorpions (D)
  9 fire giants (D)
  2 draconian stormcallers (D)
  An orc warlord (D)
  4 ironheart preservers (D)
  2 draconian shifters (D)
  An angel (D)
  A war gargoyle (D)
  An ophan (D)
  14 stone giants (D)
  A reaper (D)
  8 vampire knights (D)
  An entropy weaver (D)
  2 very ugly things (D)
  A green draconian (D)
  A corrupter (D)
  4 deep elf demonologists (D)
  2 deep elf annihilators (D)
  4 yellow draconians (D)
  2 black draconians (D)
  5 red draconians (D)
  Azrael (D)
  A lorocyproca (D)
  5 white draconians (D)
  4 purple draconians (D)
  An ettin (D)
  6 merfolk javelineers (D)
  5 mummy priests (D)
  2 green deaths (D)
  A deep elf death mage (D)
  11 death oozes (D)
  7 merfolk impalers (D)
  Harold (D)
  2 deep elf high priests (D)
  3 fire dragons (D)
  A yaktaur captain (D)
  6 naga warriors (D)
  2 great orbs of eyes (D)
  25 vault guards (D)
  7 hydras (D)
  3 rakshasas (D)
  2 monstrous demonspawn (D)
  6 ice dragons (D)
  A satyr (D)
  A spriggan air mage (D)
  3 hell beasts (D)
  A centaur warrior (D)
  An anaconda (D)
  2 merfolk aquamancers (D)
  3 ogre magi (D)
  4 orc high priests (D)
  2 two-headed ogres (D)
  3 tengu warriors (D)
  A deep troll earth mage (D)
  A vampire mage (D)
  3 deep troll shamans (D)
  Urug (D)
  5 soul eaters (D)
  A shock serpent (D)
  2 naga sharpshooters (D)
  5 hell knights (D)
  Nergalle (D)
  3 sun demons (D)
  A wretched star (D)
  3 deep elf knights (D)
  A sea snake (D)
  A sea snake (shapeshifter) (D)
  4 sixfirhies (D)
  2 cherubim (D)
  A shadow demon (D)
  A gelid demonspawn (D)
  8 swamp dragons (D)
  An unseen horror (D)
  A flayed ghost (D)
  A glowing orange brain (D)
  3 deep elf archers (D)
  2 necromancers (D)
  2 lindwurms (D)
  A harpy (shapeshifter) (D)
  An ironbrand convoker (D)
  A deep elf mage (D)
  14 orc knights (D)
  An orb spider (D)
  4 wolf spiders (D)
  An ugly thing (D)
  3 slime creatures (D)
  A moth of wrath (shapeshifter) (D)
  13 moths of wrath (D)
  6 rust devils (D)
  4 naga magi (D)
  3 vault sentinels (D)
  A black mamba (shapeshifter) (D)
  A black mamba (D)
  A large abomination (D)
  2 water nymphs (D)
  2 spiny frogs (D)
  4 guardian serpents (D)
  11 orange demons (D)
  A torpor snail (D)
  5 smoke demons (D)
  7 yaktaurs (D)
  A tormentor (D)
  2 efreet (D)
  A komodo dragon (D)
  12 ice devils (D)
  3 hellwings (D)
  A tengu conjurer (D)
  An ancient zyme (D)
  5 red devils (D)
  22 guardian mummies (D)
  2 tyrant leeches (D)
  5 merfolk (D)
  A wandering mushroom (D)
  2 blink frogs (D)
  2 snapping turtles (D)
  A bog body (D)
  2 hippogriffs (D)
  A tarantella (D)
  11 spriggans (D)
  A flying skull (D)
  2 redbacks (D)
  A yak (shapeshifter) (D)
  A shadow (D)
  2 ynoxinuls (D)
  2 yaks (D)
  Eustachio (D)
  3 fire elementals (D)
  5 golden eyes (D)
  A wraith (D)
  3 neqoxecs (D)
  2 chaos spawn (D)
  An insubstantial wisp (D)
  5 nagas (D)
  An acid dragon (D)
  7 hell hounds (D)
  A water moccasin (D)
  A floating eye (D)
  A small abomination (D)
  8 orc warriors (D)
  6 porcupines (D)
  A swamp drake (D)
  An eye of draining (shapeshifter) (D)
  2 ogres (D)
  A wolf (D)
  A crocodile (D)
  3 bullfrogs (D)
  A wight (D)
  4 crimson imps (D)
  4 hounds (D)
  5 orc priests (D)
  2 iron imps (D)
  5 orc wizards (D)
  A worker ant (D)
  A shadow imp (D)
  2 white imps (D)
  2 ufetubi (D)
  4 worms (D)
  15 orcs (D)
  3 bat zombies (D)
  A giant cockroach (D)
  2 goblins (D)
  A hobgoblin (D)
  A quokka (D)
  A leopard gecko skeleton (D)
  A rat (D)
  A crawling corpse (D)
  2 fire vortices (D)
734 creatures vanquished.

Vanquished Creatures (others)
  10 ball lightnings (D)
10 creatures vanquished.

Grand Total: 744 creatures vanquished

Notes
Turn   | Place    | Note
-------+----------+-------------------------------------------
     0 | D        | Kidiri the Minotaur Fighter began the quest for the Orb.
     0 | D        | Reached XP level 1. HP: 19/19 MP: 0/0
    50 | D        | Noticed a crimson imp
    50 | D        | Noticed a crimson imp
    50 | D        | Noticed a hound
    50 | D        | Noticed an ogre
    52 | D        | Killed an ogre
    52 | D        | Reached skill level 5 in Fighting
    52 | D        | Reached skill level 5 in Long Blades
    52 | D        | Reached skill level 5 in Armour
    52 | D        | Reached XP level 2. HP: 29/29 MP: 1/1
    52 | D        | Reached XP level 3. HP: 36/36 MP: 2/2
    52 | D        | Reached XP level 4. HP: 42/42 MP: 3/3
    56 | D        | Reached XP level 5. HP: 48/48 MP: 4/4
    66 | D        | Found a roughly hewn altar of Beogh.
    66 | D        | Found a snail-covered altar of Cheibriados.
    66 | D        | Found a shadowy altar of Dithmenos.
    66 | D        | Found a white marble altar of Elyvilon.
    66 | D        | Found a blossoming altar of Fedhas.
    66 | D        | Found an opulent altar of Gozag.
    67 | D        | Found a hazy altar of Hepliaklqana.
    68 | D        | Found a viscous altar of Jiyva.
    69 | D        | Found an ancient bone altar of Kikubaaqudgha.
    70 | D        | Found a corrupted altar of Lugonu.
    71 | D        | Found a burning altar of Makhleb.
    72 | D        | Found a sparkling altar of Nemelex Xobeh.
    73 | D        | Found an iron altar of Okawaru.
    74 | D        | Found a stormy altar of Qazlal.
    75 | D        | Found a sacrificial altar of Ru.
    76 | D        | Found a deep blue altar of Sif Muna.
    77 | D        | Found a bloodstained altar of Trog.
    78 | D        | Found a hide-covered altar of Uskayaw.
    79 | D        | Found a radiant altar of Vehumet.
    80 | D        | Found an ornate altar of the Wu Jian Council.
    81 | D        | Became a worshipper of Warmaster Okawaru
    82 | D        | Found a shimmering altar of Xom.
    83 | D        | Found a basalt altar of Yredelemnul.
    84 | D        | Found a glowing silver altar of Zin.
    85 | D        | Found a glowing golden altar of the Shining One.
   162 | D        | Reached skill level 1 in Invocations
   164 | D        | Reached XP level 6. HP: 58/58 MP: 4/6
   185 | D        | Noticed a centaur warrior
   185 | D        | Noticed a two-headed ogre
   185 | D        | Noticed a hippogriff
   197 | D        | Killed a hippogriff
   197 | D        | Reached * piety under Okawaru
   197 | D        | Reached skill level 5 in Dodging
   197 | D        | Reached XP level 7. HP: 59/64 MP: 6/8
   201 | D        | Killed a two-headed ogre
   201 | D        | Reached skill level 10 in Long Blades
   201 | D        | Reached skill level 5 in Throwing
   201 | D        | Reached skill level 10 in Armour
   201 | D        | Reached skill level 10 in Shields
   201 | D        | Reached XP level 8. HP: 54/74 MP: 6/10
   205 | D        | Killed a centaur warrior
   205 | D        | Reached ** piety under Okawaru
   205 | D        | Reached *** piety under Okawaru
   205 | D        | Reached skill level 5 in Invocations
   486 | D        | Noticed a komodo dragon
   487 | D        | Noticed an eight-headed hydra
   489 | D        | Reached XP level 9. HP: 82/82 MP: 8/11
   505 | D        | Killed a 12-headed hydra
   505 | D        | Reached **** piety under Okawaru
   509 | D        | Killed a komodo dragon
   668 | D        | Noticed a torpor snail
   676 | D        | Noticed a spiny frog
   678 | D        | Killed a torpor snail
   678 | D        | Reached XP level 10. HP: 92/92 MP: 11/13
   681 | D        | Reached ***** piety under Okawaru
   694 | D        | Received a gift from Okawaru
   701 | D        | Reached skill level 10 in Fighting
   707 | D        | Killed a spiny frog
   966 | D        | Noticed a lindwurm
   966 | D        | Noticed a lindwurm
   969 | D        | Killed a lindwurm
   986 | D        | Killed a lindwurm
  1242 | D        | Noticed Gastronok
  1249 | D        | Killed Gastronok
  1249 | D        | Received a gift from Okawaru
  1249 | D        | Received a gift from Okawaru
  1394 | D        | Noticed an orc knight
  1396 | D        | Reached XP level 11. HP: 101/101 MP: 7/15
  1409 | D        | Killed an orc knight
  1597 | D        | Noticed an orc knight
  1597 | D        | Noticed an orc high priest
  1603 | D        | Killed an orc high priest
  1612 | D        | Killed an orc knight
  1612 | D        | Reached skill level 15 in Shields
  1644 | D        | Reached skill level 15 in Armour
  1724 | D        | Found Niog Xuwkot's Assorted Antiques.
  1724 | D        | Noticed an orc knight
  1724 | D        | Noticed an orc high priest
  1724 | D        | Noticed an orc knight
  1724 | D        | Noticed an orc high priest
  1724 | D        | Noticed an orc high priest
  1725 | D        | Noticed an orc knight
  1730 | D        | Noticed an orc knight
  1731 | D        | Killed an orc high priest
  1731 | D        | Reached skill level 15 in Long Blades
  1732 | D        | Found Kexaig's Food Shop.
  1735 | D        | Noticed an orc knight
  1738 | D        | Killed an orc high priest
  1738 | D        | Reached skill level 10 in Dodging
  1747 | D        | Noticed an orc knight
  1751 | D        | Killed an orc knight
  1758 | D        | Killed an orc high priest
  1766 | D        | Killed an orc knight
  1767 | D        | Found Gila's Food Boutique.
  1774 | D        | Killed an orc knight
  1784 | D        | Killed an orc knight
  1787 | D        | Noticed an orc knight
  1791 | D        | Noticed an orc knight
  1792 | D        | Killed an orc knight
  1793 | D        | Found Ugiurali's Antique Armour Shop.
  1795 | D        | Noticed an orc knight
  1797 | D        | Killed an orc knight
  1797 | D        | Received a gift from Okawaru
  1799 | D        | Noticed an orc knight
  1812 | D        | Killed an orc knight
  1812 | D        | Reached skill level 10 in Throwing
  1815 | D        | Killed an orc knight
  1832 | D        | Killed an orc knight
  1832 | D        | Reached XP level 12. HP: 64/112 MP: 10/18
  1865 | D        | Bought a steaming sapphire amulet for 105 gold pieces
  1865 | D        | Bought 2 bubbling emerald potions for 37 gold pieces
  1865 | D        | Bought a scroll labeled TAEPSOKU EMEDE for 21 gold pieces
  1865 | D        | Bought a scroll of identify for 42 gold pieces
  1865 | D        | Bought a scroll labeled HOUKYA DECALI for 21 gold pieces
  1865 | D        | Bought a large shield for 94 gold pieces
  1893 | D        | Identified the amulet "Moloah" {RegenMP rF- Dex+3 Slay+2 SInv} (You bought it in a shop in the Dungeon)
  2068 | D        | Noticed Urug
  2074 | D        | Killed Urug
  2157 | D        | Noticed Harold
  2172 | D        | Killed Harold
  2197 | D        | Noticed Eustachio
  2202 | D        | Killed Eustachio
  2358 | D        | Got the +3 scale mail "Caerodgh" {-Tele Int+2 Dex+3}
  2429 | D        | Noticed a fire dragon
  2430 | D        | Noticed a two-headed ogre
  2444 | D        | Killed a fire dragon
  2444 | D        | Received a gift from Okawaru
  2446 | D        | Noticed a great orb of eyes
  2449 | D        | Noticed a rakshasa
  2460 | D        | Killed a two-headed ogre
  2460 | D        | Received a gift from Okawaru
  2466 | D        | Killed a great orb of eyes
  2473 | D        | Killed a rakshasa
  2474 | D        | Noticed an ice dragon
  2476 | D        | Noticed an ettin
  2481 | D        | Noticed a deep troll shaman
  2487 | D        | Killed an ice dragon
  2493 | D        | Killed an ettin
  2504 | D        | Killed a deep troll shaman
  2504 | D        | Reached ****** piety under Okawaru
  2807 | D        | Noticed Agnes
  2820 | D        | Killed Agnes
  2820 | D        | Received a gift from Okawaru
  2898 | D        | Noticed a seven-headed hydra
  2898 | D        | Noticed a six-headed hydra
  2903 | D        | Killed a nine-headed hydra
  2913 | D        | Noticed a four-headed hydra
  2915 | D        | Killed a nine-headed hydra
  2915 | D        | Reached XP level 13. HP: 101/123 MP: 14/19
  3009 | D        | Noticed an entropy weaver
  3009 | D        | Noticed an emperor scorpion
  3021 | D        | Killed an emperor scorpion
  3024 | D        | Killed an entropy weaver
  3107 | D        | Noticed a merfolk javelineer
  3107 | D        | Noticed a merfolk impaler
  3132 | D        | Killed a merfolk impaler
  3149 | D        | Killed a merfolk javelineer
  3315 | D        | Received a gift from Okawaru
  3369 | D        | Reached skill level 15 in Fighting
  3564 | D        | Noticed Azrael
  3586 | D        | Killed Azrael
  3785 | D        | Noticed a tengu reaver
  3785 | D        | Noticed a stone giant
  3785 | D        | Noticed a frost giant
  3800 | D        | Received a gift from Okawaru
  3801 | D        | Got a bloodstained long sword {god gift}
  3802 | D        | Identified the +2 long sword of Ruadwock {slice, rC++ rN+++ Str+4 Stlth-} (Okawaru gifted it to you in the Dungeon)
  3814 | D        | Killed a frost giant
  3814 | D        | Reached XP level 14. HP: 129/135 MP: 18/20
  3823 | D        | Killed a stone giant
  3831 | D        | Killed a tengu reaver
  3832 | D        | Noticed a fire giant
  3853 | D        | Killed a fire giant
  3853 | D        | Received a gift from Okawaru
  3884 | D        | Noticed a green very ugly thing
  3902 | D        | Killed a green very ugly thing
  3911 | D        | Gained mutation: You are frail. (-10% HP) [mutagenic meat]
  3912 | D        | Gained mutation: You possess an exceptional clarity of mind. [mutagenic meat]
  3913 | D        | Gained mutation: Your mind is acute. (Int +2) [mutagenic meat]
  4059 | D        | Received a gift from Okawaru
  4061 | D        | Noticed an ironheart preserver
  4090 | D        | Noticed a sphinx
  4094 | D        | Noticed a stone giant
  4106 | D        | Killed an ironheart preserver
  4109 | D        | Noticed an ironheart preserver
  4110 | D        | Noticed a vault warden
  4116 | D        | Noticed an ironheart preserver
  4147 | D        | Killed a sphinx
  4162 | D        | Killed a stone giant
  4162 | D        | Reached skill level 15 in Dodging
  4165 | D        | Killed an ironheart preserver
  4177 | D        | Killed a vault warden
  4177 | D        | Received a gift from Okawaru
  4179 | D        | Killed an ironheart preserver
  5231 | D        | Lost mutation: You are frail. (-10% HP) [potion of mutation]
  5231 | D        | Gained mutation: Your flesh is cold resistant. (rC+) [potion of mutation]
  5251 | D        | Noticed Xtahua
  5265 | D        | Killed Xtahua
  5265 | D        | Received a gift from Okawaru
  5287 | D        | Noticed Mennas
  5354 | D        | Killed Mennas
  5354 | D        | Received a gift from Okawaru
  5354 | D        | Received a gift from Okawaru
  5354 | D        | Reached XP level 15. HP: 66/147 MP: 17/21
  5364 | D        | Noticed Mara
  5365 | D        | HP: 5/147 [Mara/bolt of fire (64)]
  5433 | D        | Killed Mara
  5793 | D        | Noticed Saint Roka
  5817 | D        | Killed Saint Roka
  5817 | D        | Received a gift from Okawaru
  5817 | D        | Reached skill level 15 in Throwing
  6003 | D        | Noticed Ilsuiw
  6039 | D        | Killed Ilsuiw
  6105 | D        | Got a barnacled rune of Zot
  6334 | D        | Got a decaying rune of Zot
  6367 | D        | Noticed a ghost moth
  6417 | D        | Killed a ghost moth
  6417 | D        | Received a gift from Okawaru
  6419 | D        | Reached XP level 16. HP: 151/159 MP: 1/22
  6493 | D        | Got a gossamer rune of Zot
  6758 | D        | Received a gift from Okawaru
  6767 | D        | Got a serpentine rune of Zot
  6782 | D        | Gained mutation: Your system is resistant to poisons. (rPois) [mutagenic meat]
  6783 | D        | Gained mutation: You are robust. (+10% HP) [mutagenic meat]
  6785 | D        | Gained mutation: You are partially covered in large bone plates. (SH +4) [mutagenic meat]
  6981 | D        | Noticed Jory
  6982 | D        | Noticed Sojobo
  6984 | D        | Noticed a tengu reaver
  7016 | D        | Killed Jory
  7016 | D        | Received a gift from Okawaru
  7043 | D        | Killed Sojobo
  7053 | D        | Killed a tengu reaver
  7072 | D        | Got a twisted falchion {god gift}
  7074 | D        | Identified the +3 falchion "Kuegaqeh" {venom, Str+4 Int+4} (Okawaru gifted it to you in the Dungeon)
  7156 | D        | Noticed Margery
  7175 | D        | Killed Margery
  7182 | D        | Received a gift from Okawaru
  7311 | D        | Received a gift from Okawaru
  7338 | D        | Reached skill level 27 in Shields
  7340 | D        | Reached skill level 27 in Armour
  7345 | D        | Received a gift from Okawaru
  7353 | D        | Reached skill level 27 in Long Blades
  7374 | D        | Received a gift from Okawaru
  7401 | D        | Reached XP level 17. HP: 190/190 MP: 23/23
  7628 | D        | Noticed a lich
  7660 | D        | Killed a lich
  7670 | D        | Received a gift from Okawaru
  7700 | D        | Gained mutation: Your natural rate of healing is unusually fast. [mutagenic meat]
  7731 | D        | Received a gift from Okawaru
  7774 | D        | Received a gift from Okawaru
  8893 | D        | Fell from the grace of Okawaru
  8893 | D        | Became a worshipper of the Shining One
  9979 | D        | Noticed an ancient lich
  9979 | D        | Reached * piety under the Shining One
  9979 | D        | Reached ** piety under the Shining One
 10002 | D        | Killed an ancient lich
 10006 | D        | Reached *** piety under the Shining One
 10026 | D        | Reached **** piety under the Shining One
 10076 | D        | Got a silver rune of Zot
 10145 | D        | Noticed Nergalle
 10145 | D        | Reached ***** piety under the Shining One
 10157 | D        | Killed Nergalle
 10202 | D        | Got the amulet of Satyriasis {RegenMP SInv}
 10204 | D        | Got the ring of Ojutieps {rF+ Dex+4 SInv}
 10242 | D        | Got the ring "Plog" {Fire rPois rN+++ Str-5 Int+4}
 10244 | D        | Got the ring of Hoomeff {+Fly rElec Int+3 Dex-5 Slay+5}
 10256 | D        | Got the +5 double sword of a volcano {freeze, +Rage Str+4 Int+2}
 10260 | D        | Noticed a titan
 10269 | D        | Killed a titan
 10289 | D        | Got the +0 gold dragon scales of the Cuttlefish {rPois rF+ rC+ rN+ Str+4}
 10372 | D        | Noticed Nikola
 10385 | D        | Killed Nikola
 10524 | D        | Reached ****** piety under the Shining One
 10527 | D        | Reached skill level 10 in Invocations
 10573 | D        | Noticed a bone dragon
 10578 | D        | Noticed a golden dragon
 10579 | D        | Reached skill level 1 in Stealth
 10592 | D        | Killed a bone dragon
 10601 | D        | Reached skill level 5 in Evocations
 10618 | D        | Killed a golden dragon
 10621 | D        | Reached XP level 18. HP: 215/215 MP: 25/25
 10668 | D        | Reached skill level 5 in Stealth
 10697 | D        | Reached skill level 27 in Fighting
 10803 | D        | Noticed a tentacled monstrosity
 10811 | D        | Killed a tentacled monstrosity
 10896 | D        | Reached skill level 10 in Evocations
 10926 | D        | Reached skill level 10 in Stealth
 11066 | D        | Noticed an Orb Guardian
 11066 | D        | Noticed an Orb Guardian
 11066 | D        | Noticed an Orb Guardian
 11066 | D        | Noticed an Orb Guardian
 11066 | D        | Noticed an Orb Guardian
 11066 | D        | Noticed an Orb Guardian
 11068 | D        | Killed an Orb Guardian
 11068 | D        | Reached skill level 27 in Dodging
 11070 | D        | Noticed an Orb Guardian
 11075 | D        | Killed an Orb Guardian
 11079 | D        | Killed an Orb Guardian
 11079 | D        | Reached skill level 15 in Invocations
 11082 | D        | Killed an Orb Guardian
 11085 | D        | Killed an Orb Guardian
 11089 | D        | Killed an Orb Guardian
 11093 | D        | Killed an Orb Guardian
 11095 | D        | Noticed an Orb Guardian
 11096 | D        | Noticed an Orb Guardian
 11097 | D        | Noticed an Orb Guardian
 11099 | D        | Killed an Orb Guardian
 11101 | D        | Killed an Orb Guardian
 11104 | D        | Killed an Orb Guardian
 11131 | D        | Noticed an Orb Guardian
 11131 | D        | Noticed an Orb Guardian
 11131 | D        | Noticed a curse toe
 11135 | D        | Killed an Orb Guardian
 11137 | D        | Reached XP level 19. HP: 227/227 MP: 28/30
 11145 | D        | Killed a curse toe
 11202 | D        | Noticed an ancient lich
 11207 | D        | Killed an ancient lich
 11207 | D        | Reached skill level 15 in Evocations
 11210 | D        | Noticed an orb of fire
 11216 | D        | Gained mutation: You expend magic power (3 MP) to strengthen your wands. [an orb of fire]
 11217 | D        | Killed an orb of fire
 11217 | D        | Reached skill level 15 in Stealth
 11220 | D        | Noticed an electric golem
 11227 | D        | Killed an electric golem
 11333 | D        | Noticed an ancient lich
 11333 | D        | Noticed an ancient lich
 11333 | D        | Noticed an orb of fire
 11333 | D        | Noticed an orb of fire
 11342 | D        | Noticed an ancient lich
 11344 | D        | Killed an orb of fire
 11345 | D        | Gained mutation: Your flesh is heat resistant. (rF+) [an orb of fire]
 11348 | D        | Gained mutation: Your spells are a little easier to cast, but a little less powerful. [an orb of fire]
 11350 | D        | Killed an orb of fire
 11353 | D        | Noticed a golden dragon
 11353 | D        | Killed an ancient lich
 11355 | D        | Noticed an electric golem
 11358 | D        | Killed an ancient lich
 11367 | D        | Noticed an orb of fire
 11371 | D        | Noticed a curse toe
 11377 | D        | Killed an ancient lich
 11377 | D        | Reached skill level 27 in Throwing
 11382 | D        | Killed an orb of fire
 11384 | D        | Killed a golden dragon
 11416 | D        | Killed a curse toe
 11419 | D        | Reached XP level 20. HP: 118/237 MP: 34/34
 11871 | D        | Noticed an ancient lich
 11889 | D        | Killed an ancient lich
 11893 | D        | Noticed an ancient lich
 11905 | D        | Paralysed by a vampire knight for 5 turns
 11916 | D        | Killed an ancient lich
 12197 | D        | Got an elven rune of Zot
 12332 | D        | Paralysed by a floating eye for 4 turns
 12339 | D        | Reached skill level 27 in Invocations
 12344 | D        | Paralysed by a floating eye for 4 turns
 12348 | D        | HP: 10/236 [death ooze (9)]
 12654 | D        | Noticed the Royal Jelly
 12662 | D        | Killed the Royal Jelly
 12662 | D        | Reached XP level 21. HP: 241/245 MP: 34/37
 12708 | D        | Got a slimy rune of Zot
 12850 | D        | Reached skill level 27 in Stealth
 12850 | D        | Reached skill level 27 in Evocations
 12850 | D        | Reached skill level 1 in Unarmed Combat
 12858 | D        | Reached skill level 5 in Unarmed Combat
 12866 | D        | Reached skill level 5 in Spellcasting
 12929 | D        | Reached skill level 10 in Unarmed Combat
 13036 | D        | Noticed a greater mummy
 13093 | D        | Killed a greater mummy
 13120 | D        | Got a golden rune of Zot
 13262 | D        | Reached skill level 10 in Spellcasting
 13284 | D        | Reached skill level 15 in Unarmed Combat
 13290 | D        | Got an abyssal rune of Zot
 13447 | D        | Noticed Geryon
 13464 | D        | Killed Geryon
 13470 | D        | Noticed Asmodeus
 13470 | D        | Noticed Cerebov
 13644 | D        | Killed Cerebov
 13925 | D        | Killed Asmodeus
 14090 | D        | Noticed Ereshkigal
 14094 | D        | Noticed Lom Lobon
 14236 | D        | Killed Ereshkigal
 14236 | D        | Reached skill level 15 in Spellcasting
 14236 | D        | Reached XP level 22. HP: 184/256 MP: 38/40
 14465 | D        | Noticed Antaeus
 14508 | D        | Killed Antaeus
 14631 | D        | Noticed Mnoleg
 14668 | D        | Killed Lom Lobon
 14906 | D        | Noticed Dispater
 14999 | D        | Killed Mnoleg
 15020 | D        | Killed Dispater
 15288 | D        | Noticed Gloorx Vloq
 15302 | D        | Killed Gloorx Vloq
 15302 | D        | Reached skill level 27 in Unarmed Combat
 15322 | D        | Got a fiery rune of Zot
 15495 | D        | Got an obsidian rune of Zot
 15499 | D        | Got a bone rune of Zot
 15503 | D        | Got a magical rune of Zot
 15507 | D        | Got an iron rune of Zot
 15511 | D        | Got a dark rune of Zot
 15515 | D        | Got an icy rune of Zot
 15519 | D        | Got a glowing rune of Zot
 15966 | D        | Got the Orb of Zot
 16237 | D        | Noticed Deffy the pandemonium lord
 16252 | D        | Killed Deffy the pandemonium lord
 16469 | D        | Noticed Giecu the pandemonium lord
 16477 | D        | Noticed Jefir the pandemonium lord
 16492 | D        | Killed Giecu the pandemonium lord
 16511 | D        | Killed Jefir the pandemonium lord
 16851 | D        | Noticed Qefibea the pandemonium lord
 16868 | D        | Killed Qefibea the pandemonium lord
 16868 | D        | Reached XP level 23. HP: 228/264 MP: 49/52
 17028 | D        | Noticed Regic the pandemonium lord
 17031 | D        | Reached skill level 27 in Spellcasting
 17039 | D        | Killed Regic the pandemonium lord
 17181 | D        | Noticed a seraph
 17201 | D        | Killed a seraph
 17212 | D        | Was forgiven by Okawaru
 17334 | D        | Lost mutation: Your spells are a little easier to cast, but a little less powerful. [a neqoxec]
 17339 | D        | Gained mutation: Your body sometimes deteriorates upon taking damage. [a neqoxec]
 17397 | D        | Noticed Ytuebus the pandemonium lord
 17399 | D        | Noticed Sotyj the pandemonium lord
 17408 | D        | Killed Ytuebus the pandemonium lord
 17419 | D        | Killed Sotyj the pandemonium lord
 17528 | D        | Noticed Aptaiwk the pandemonium lord
 17542 | D        | Killed Aptaiwk the pandemonium lord
 17593 | D        | Noticed Ibytiekhlo the pandemonium lord
 17616 | D        | Killed Ibytiekhlo the pandemonium lord
 17884 | D        | Reached XP level 24. HP: 246/273 MP: 53/53
 18003 | D        | Noticed Wucroz the pandemonium lord
 18012 | D        | Killed Wucroz the pandemonium lord
 18151 | D        | Escaped with the Orb!

Vault maps used:
D:        linesprint

Skill      XL: |  1  2  3  4  5  6  7  8  9 10 11 12 13 14 15 16 17 18 19 20 21 22 23 |
---------------+----------------------------------------------------------------------+-----
Shields        | 6 7 8 9 10 11 13 14 16 18 20 22 24 27 | 27.0
Armour         | 5 6 8 9 10 11 12 14 16 18 20 22 24 27 | 27.0
Long Blades    | 5 6 7 8 10 11 12 14 16 18 20 22 24 27 | 27.0
Fighting       | 5 6 7 8 9 10 12 13 15 17 18 21 26 27 | 27.0
Throwing       | 2 3 4 5 6 7 8 10 11 12 14 16 18 22 24 27 | 27.0
Dodging        | 2 3 4 5 6 7 8 9 10 12 13 15 17 19 24 27 | 27.0
Invocations    | 1 2 4 5 6 7 9 11 16 22 27 | 27.0
Evocations     | 5 13 19 25 27 | 27.0
Stealth        | 4 13 19 25 27 | 27.0
Unarmed Combat | 22 27 | 27.0
Spellcasting   | 15 26 27 | 27.0

Action                   |  1- 3 |  4- 6 |  7- 9 | 10-12 | 13-15 | 16-18 | 19-21 | 22-24 || total
-------------------------+-------+-------+-------+-------+-------+-------+-------+-------++-------
Melee: Long sword        |     9 |     6 |       |       |   506 |   566 |       |       ||  1087
       Headbutt          |     1 |     8 |    17 |    84 |   241 |   357 |   258 |   226 ||  1192
       Scimitar          |       |    26 |    54 |   260 |       |       |       |       ||   340
       Double sword      |       |       |       |    85 |   183 |   284 |   673 |   599 ||  1824
       Punch             |       |       |       |       |       |       |       |     1 ||     1
Throw: Javelin           |       |       |       |     7 |    17 |       |     7 |     4 ||    35
       Tomahawk          |       |       |       |     2 |     8 |       |     8 |     1 ||    19
       Throwing net      |       |       |       |       |     1 |       |       |       ||     1
Invok: Heroism           |       |       |     3 |    13 |    16 |     6 |       |       ||    38
       Finesse           |       |       |       |    11 |    14 |     6 |       |       ||    31
       Divine Shield     |       |       |       |       |       |     9 |    16 |     7 ||    32
       Cleansing Flame   |       |       |       |       |       |       |     5 |     4 ||     9
       Summon Divine War |       |       |       |       |       |       |     4 |     3 ||     7
 Abil: Evoke Berserk Rag |       |       |       |       |       |     2 |     6 |     5 ||    13
Evoke: Wand              |       |       |       |       |     2 |       |     1 |       ||     3
  Use: Potion            |     1 |       |       |     1 |     4 |       |     3 |     1 ||    10
       Scroll            |       |       |     1 |     7 |     3 |     1 |     2 |     1 ||    15
 Stab: Sleeping          |       |       |       |       |     1 |       |       |       ||     1
  Eat: Chunk             |       |       |       |     6 |     9 |    11 |     8 |       ||    34
       Fruit             |       |       |       |       |    11 |       |    11 |    18 ||    40
       Meat ration       |       |       |       |       |       |     2 |       |     3 ||     5
Armor: Scale mail        |     1 |     1 |       |       |       |       |       |       ||     2
       Chain mail        |       |    17 |    10 |     9 |       |       |       |       ||    36
       Quicksilver drago |       |       |       |    25 |    55 |    22 |       |       ||   102
       Gold dragon scale |       |       |       |       |       |    15 |    49 |    52 ||   116
Dodge: Dodged            |     4 |    12 |    13 |    64 |   172 |   163 |   103 |    85 ||   616
Block: Shield            |     3 |    12 |    24 |    63 |       |       |       |       ||   102
       Large shield      |       |       |       |    52 |   501 |   681 |   642 |   558 ||  2434
       Other             |       |       |       |       |       |       |       |     1 ||     1
       Rpst.: Scimitar   |       |     3 |     6 |     9 |       |       |       |       ||    18
       Double sword      |       |       |       |     6 |     3 |     8 |     8 |    10 ||    35
       Long sword        |       |       |       |       |    17 |    15 |       |       ||    32
